 Dungeon Crawl Stone Soup version 0.27-a0-860-gaf99fae3ca (webtiles) character file.

Game seed: 15177852248364763501

234 DarkShadow the Chopper (level 5, -1/47 HPs)
             Began as a Minotaur Fighter on Apr 1, 2021.
             Killed from afar by an orc wizard (5 damage)
             ... with a magic dart
             ... on level 3 of the Dungeon.
             The game lasted 00:05:00 (3213 turns).

DarkShadow the Chopper (Minotaur Fighter)           Turns: 3213, Time: 00:05:01

Health: -1/47      AC:  7    Str: 20    XL:     5   Next: 75%
Magic:  4/4        EV:  8    Int:  5    God:
Gold:   161        SH:  0    Dex: 11    Spells: 4/4 levels left

rFire    . . .     SeeInvis .   a - +0 war axe
rCold    . . .     Faith    .   c - +0 kite shield
rNeg     . . .     Spirit   .   b - +0 scale mail
rPois    .         Reflect  .   (helmet restricted)
rElec    .         Harm     .   (no cloak)
rCorr    .         Rampage  .   (no gloves)
Will     .....                  (no boots)
Stlth    ..........             (no amulet)
HPRegen  0.15/turn              (no ring)
MPRegen  0.09/turn              (no ring)

@: confused
A: horns 2, retaliatory headbutt
a: no special abilities


You were on level 3 of the Dungeon.
You visited 1 branch of the dungeon, and saw 3 of its levels.

You collected 161 gold pieces.

Inventory:

Hand Weapons
 a - a +0 war axe (weapon)
Missiles
 e - 8 atropa-tipped darts (quivered)
Armour
 b - a +0 scale mail (worn)
 c - a +0 kite shield (worn)
Jewellery
 k - an amulet of magic regeneration
Scrolls
 f - 2 scrolls of identify {unknown}
 g - 2 scrolls of magic mapping {unknown}
 h - a scroll of enchant armour {unknown}
 m - a scroll of vulnerability {unknown}
Potions
 d - a potion of might
 i - 3 potions of flight {unknown}
 j - 2 potions of invisibility {unknown}
 l - a potion of degeneration {unknown}
 n - a potion of heal wounds {unknown}


   Skills:
 + Level 4.3 Fighting
 + Level 5.2 Axes
 + Level 5.0 Armour
 + Level 0.9 Dodging
 + Level 4.4 Shields


You had 4 spell levels left.
You didn't know any spells.
Your spell library was empty.

Dungeon Overview and Level Annotations

Branches:
Dungeon (3/15)

Altars:


Innate Abilities, Weirdness & Mutations

You have a pair of horns on your head.
You reflexively headbutt those who attack you in melee.


Message History

You closely miss something.
The orc wizard shouts!
You headbutt something.
You hear some strange, mumbled words.
A puff of flame appears from out of thin air!
The puff of flame hits you!
You slash something! Something hits you.
You barely miss something. Something hits you.
The orc wizard completely misses you. Something hits you but does no damage.
Things that are here:
a +0 club; a +0 chain mail You closely miss the orc wizard.
You headbutt the orc wizard.
The orc wizard is lightly wounded.
You closely miss something.
The orc wizard hits you but does no damage.
Something hits you.
You slash the orc wizard!
You kill the orc wizard!
You miss something. Something hits you but does no damage.
You hear some strange, mumbled words.
A magic dart appears from out of thin air!
The magic dart hits you.
* * * LOW HITPOINT WARNING * * *
Your Armour skill increases to level 5!
You hear some strange, mumbled words.
You are confused.
You closely miss something. Something hits you but does no damage.
You're too confused to move!
You hear some strange, mumbled words.
A puff of flame appears from out of thin air!
The puff of flame hits you!
* * * LOW HITPOINT WARNING * * *
You bump into the rock wall.
Something hits you but does no damage.
You bump into the rock wall.
Something hits you but does no damage.
You miss something. Your headbutt misses something.
Something hits you but does no damage.
You hear some strange, mumbled words.
A magic dart appears from out of thin air!
The magic dart hits you.
You die...

###.#.# ....#.####
.....)...#
##..#.##.#######.#
#..#............#
#.....#.#########
#.###.#.########
...........)....#####.##
###.##.#.###...{@......#
#.#.# #.##)#####..#
#.#.# #.##)# #.#.#
#.##.. #.# #.##.## ...
...#.# ... ...... ##. .


There were no monsters in sight!

Vanquished Creatures
  3 jellies (D:2)
  An orc priest (D:3)
  2 orc wizards (D:3)
  2 worms (D:2)
  An orc (D:3)
  3 bats
  9 endoplasms
  2 goblins (D:1)
  5 hobgoblins
  4 jackals (D:1)
  14 kobolds
  A quokka (D:1)
  2 ball pythons
  4 frilled lizards (D:1)
  9 rats
  6 bushes (D:2)
68 creatures vanquished.

Vanquished Creatures (others)
  3 fungi (D:2)
  10 toadstools (D:2)
13 creatures vanquished.

Grand Total: 81 creatures vanquished

Notes
Turn   | Place    | Note
-------+----------+-------------------------------------------
     0 | D:1      | DarkShadow the Minotaur Fighter began the quest for the
                  | Orb.
     0 | D:1      | Reached XP level 1. HP: 19/19 MP: 0/0
   156 | D:1      | Reached XP level 2. HP: 27/27 MP: 1/1
   509 | D:1      | Found a faded altar of an unknown god.
   693 | D:1      | Reached XP level 3. HP: 33/33 MP: 2/2
  1632 | D:2      | Reached XP level 4. HP: 40/40 MP: 3/3
  1645 | D:2      | Reached XP level 5. HP: 14/46 MP: 4/4
  3198 | D:3      | Reached skill level 5 in Axes
  3207 | D:3      | Reached skill level 5 in Armour
  3213 | D:3      | Killed from afar by an orc wizard

Illustrated notes

Levels and vault maps discovered:
D:1:      wander_arrival_peaceful_grave, layout_loops_ring,
          basic_ecumenical_altar, corner_web_ring, serial_park_tiny_2,
          minmay_pentomino_r4
D:2:      cheibrodos_fertilizer, layout_basic, minmay_hedge_maze
D:3:      layout_loops_ring, serial_shops, shop

Skill      XL: |  1  2  3  4  5 |
---------------+----------------+-----
Armour         | 4 5 |  5.0
Shields        | 4 |  4.4
Axes           | 3 4 5 |  5.2
Fighting       | 4 |  4.3
Dodging        | |  0.9

Action                   |  1- 3 |  4- 6 || total
-------------------------+-------+-------++-------
Melee: War axe           |    94 |   223 ||   317
       Headbutt          |    20 |    83 ||   103
Armor: Scale mail        |    47 |    15 ||    62
Dodge: Dodged            |    37 |     3 ||    40
Block: Kite shield       |    59 |     9 ||    68

Table legend: (Time is in decaauts)
 A = Elapsed time spent in this place.
 B = Non-inter-level travel time spent in this place.
 C = Inter-level travel time spent in this place.
 D = Time resting spent in this place.
 E = Time spent auto-exploring this place.
 F = Levels seen in this place.
 G = Mean time per level.
                   A        B        C        D        E       F      G
               +--------+--------+--------+--------+--------+-----+--------+
         Total |   3373 |   3212 |    161 |    593 |   1606 |   3 | 1124.3 |
       Dungeon |   3373 |   3212 |    161 |    593 |   1606 |   3 | 1124.3 |
               +--------+--------+--------+--------+--------+-----+--------+

Top non-repeatable levels by time:
     D:2: 2335 daAuts
     D:1: 917 daAuts
     D:3: 120 daAuts
